AoeStats
← Slanda_CZ

Arena

510728645Analyzed
1v1 RM · 20h ago on Oct 2, 2026· 28m 6s· 2 players
Game mode
Random Map
Map size
Tiny (2 player)
Population
200
Speed
Normal
Resources
Standard
Victory
Conquest
Starting age
Dark Age
Ending age
Imperial Age
RankedLock teamsTeams togetherTeam positionsShared explorationLock speedFull tech treeHidden civsTurbo modeCheats
Victory
Defeat
🇧🇦 Vikings · Bosnia & Herzegovina
1082
+15
🇨🇿 Khmer · Czechia
1059
-15
Slanda_CZ
10:30 Feudal Age
14:21 Castle Age
13:04 Horse Collar
13:58 Double-Bit Axe
18:44 Heavy Plow
19:40 Bow Saw
22:10 Husbandry
26:20 Fletching
27:04 Bodkin Arrow
27:31 Ballistics
Falconbih
10:45 Feudal Age
13:03 Loom
15:53 Castle Age
13:49 Double-Bit Axe
13:51 Horse Collar
14:13 Man-at-Arms
16:16 Long Swordsman
17:12 Scale Mail Armor
22:41 Heavy Plow
22:58 Forging
23:05 Chain Mail Armor
26:32 Iron Casting
27:53 Fletching
Connection lost

Rejoining the realm…

Still unreachable

The connection could not be restored.

Session expired

The server has moved on; the page needs a fresh start.